Map: Torri del crepuscolo

Players

MaxPauer - Winner!

  • Race: Protoss Protoss
  • League: Diamond

Jhyrachy

  • Race: Zerg Zerg
  • League: Gold

VOD

Have the link to the VOD?

Description

Time

  • Played on: April 21, 2016, 4:38 p.m.
  • Length: 5:31
Show
View Real Time Build Order
Export as new Build Order

MaxPauer Protoss - Winner!

Build Orders: 1 Gate Expand 

Get SALT Encoding   

  12  0:01  Probe (Chrono Boost)  
  13  0:11  Probe (Chrono Boost)  
  14  0:18  Pylon  
  14  0:22  Probe (Chrono Boost)  
  15  0:37  Probe (Chrono Boost)  
  15  0:40  Gateway  
  16  0:47  Probe (Chrono Boost)  
  17  0:51  Assimilator  
  17  0:58  Probe (Chrono Boost)  
  18  1:08  Probe (Chrono Boost)  
  19  1:19  Probe (Chrono Boost)  
  20  1:27  Nexus  
  20  1:38  Cybernetics Core  
  20  1:42  Probe (Chrono Boost)  
  21  1:55  Pylon  
  21  1:56  Assimilator  
  21  2:04  Pylon  
  21  2:08  Probe (Chrono Boost)  
  21  2:17  Warp Gate  
  21  2:19  Probe (Chrono Boost)  
  22  2:31  Adept (Chrono Boost)  
  22  2:32  Gateway  
  22  2:35  Twilight Council  
  24  2:38  Probe  
  24  2:40  Probe  
  26  2:50  Probe x2  
  28  3:01  Probe  
  28  3:02  Probe  
  30  3:07  Adept (Chrono Boost)  
  30  3:11  Probe  
  30  3:12  Resonating Glaives  
  32  3:14  Probe  
  34  3:23  Adept (Chrono Boost)  
  34  3:26  Probe x2  
  38  3:35  Adept (Chrono Boost)  
  40  3:42  Stargate  
  40  3:45  Probe  
  40  3:46  Probe  
  42  3:53  Gateway  
  42  3:54  Adept (Chrono Boost)  
  44  3:57  Probe  
  44  3:58  Probe  
  46  4:03  Pylon  
  46  4:06  Pylon  
  46  4:22  Probe x2  
  48  4:30  Oracle (Chrono Boost)  
  51  4:35  Nexus  
  51  4:39  Adept x2  
  55  4:50  Probe x2  
  57  4:54  Assimilator  
  57  4:58  Assimilator  
  57  5:00  Pylon  
  57  5:02  Gateway, Pylon  
  57  5:03  Probe, Gateway  
  57  5:04  Probe  
  59  5:18  Adept x3  
Show
View Real Time Build Order
Export as new Build Order

Jhyrachy Zerg 

Build Orders: Hatch First 

Get SALT Encoding   

  12  0:01  Drone  
  13  0:10  Drone  
  14  0:28  Overlord  
  14  0:34  Extractor  
  14  0:35  Drone, Extractor  
  14  0:36  Drone  
  16  0:48  Drone  
  17  0:59  Drone  
  17  1:00  Hatchery  
  17  1:07  Drone  
  18  1:16  Spawning Pool  
  18  1:18  Drone  
  18  1:21  Extractor  
  18  1:24  Drone  
  18  1:33  Overlord  
  18  1:53  Drone  
  19  2:00  Drone  
  20  2:03  Queen  
  20  2:06  Zergling x2  
  23  2:12  Queen  
  25  2:21  Drone x2  
  27  2:29  Hatchery  
  26  2:36  Metabolic Boost  
  26  2:44  Queen  
  26  2:47  Drone  
  29  3:02  Drone x3  
  29  3:03  Drone x3  
  34  3:27  Lair  
  34  3:29  Drone  
  34  3:30  Overlord x3  
  35  3:45  Drone x5  
  35  3:47  Drone  
  41  3:52  Extractor  
  41  3:54  Drone x2  
  42  3:58  Evolution Chamber  
  42  4:00  Evolution Chamber  
  40  4:05  Drone x3, Extractor  
  40  4:07  Drone  
  40  4:08  Drone  
  44  4:10  Drone  
  44  4:15  Roach Warren  
  44  4:18  Spore Crawler  
  44  4:21  Spore Crawler  
  42  4:55  Drone x2  
  42  4:56  Drone x2  
  42  4:58  Drone x10  
  56  5:25  Extractor  
Tags
 
Add a new tag
Caveats
  • Supply blocks, unpowered buildings, or Contaminate may cause inaccurate times.
  • Supply counts are checked every 10 seconds.